AoeStats
← 464408627

Black Forest

510119670Analyzed
2v2 RM · 3d ago on Sep 29, 2026· 29m 55s· 4 players
Game mode
Random Map
Map size
Medium (4 player)
Population
200
Speed
Normal
Resources
Standard
Victory
Conquest
Starting age
Dark Age
Ending age
Imperial Age
RankedLock teamsTeams togetherTeam positionsShared explorationLock speedFull tech treeHidden civsTurbo modeCheats
Victory
Defeat
🇫🇷 Teutons · France
723
+12
🇫🇷 Byzantines · France
579
+18
🇨🇳 Bohemians · China
657
-16
🇨🇳 Turks · China
603
-14
464408627
0:47 Loom
16:03 Feudal Age
16:28 Horse Collar
18:10 Man-at-Arms
18:36 Arson
20:55 Forging
20:45 Scale Mail Armor
25:42 Castle Age
24:06 Double-Bit Axe
27:21 Bow Saw
27:15 Heavy Plow
27:54 Wheelbarrow
27:05 Town Watch
28:40 Squires
28:01 Long Swordsman
28:49 Caravan
2129678591
2:42 Loom
14:05 Feudal Age
16:31 Horse Collar
17:28 Wheelbarrow
17:10 Double-Bit Axe
19:00 Gold Mining
19:52 Stone Mining
23:52 Town Watch
26:24 Castle Age
24:31 Stone Mining
27:28 Bow Saw
27:55 Gold Shaft Mining
27:25 Heavy Plow
27:44 Hand Cart
27:54 Caravan
28:25 Coinage
Sangohan
0:40 Loom
11:04 Feudal Age
12:35 Wheelbarrow
11:49 Double-Bit Axe
11:47 Horse Collar
17:46 Gold Mining
20:16 Forging
22:45 Castle Age
20:33 Man-at-Arms
21:05 Arson
21:55 Bloodlines
23:02 Long Swordsman
25:07 Iron Casting
25:55 Heavy Plow
italian13720
12:29 Feudal Age
13:47 Wheelbarrow
12:58 Horse Collar
13:42 Double-Bit Axe
22:19 Castle Age
25:57 Forging
29:39 Hand Cart
29:39 Bow Saw
Connection lost

Rejoining the realm…

Still unreachable

The connection could not be restored.

Session expired

The server has moved on; the page needs a fresh start.